 Dungeon Crawl Stone Soup version 0.27.1-15-g792fb953b9 (webtiles) character file.

Game seed: 3167909052637099943

2172 Gabide the Chopper (level 8, -2/66 HPs)
             Began as a Demigod Fighter on Nov 19, 2021.
             Splashed by an acid dragon's acid (11 damage)
             ... on level 6 of the Dungeon.
             The game lasted 00:13:08 (6691 turns).

Gabide the Chopper (Demigod Fighter)                Turns: 6691, Time: 00:13:10

Health: -2/66      AC:  6    Str: 25    XL:     8   Next: 86%
Magic:  0/10       EV:  3    Int: 10    God:
Gold:   210        SH: 10    Dex: 13    Spells: 7/7 levels left

rFire    . . .     SeeInvis .   t - +4 flail (holy)
rCold    . . .     Faith    .   c - +0 kite shield
rNeg     . . .     Spirit   +   l - +1 crystal plate armour
rPois    .         Reflect  .   (no helmet)
rElec    .         Harm     .   (no cloak)
rCorr    .         Rampage  .   (no gloves)
Will     .....                  (no boots)
Stlth    ..........             m - amulet of guardian spirit
HPRegen  0.21/turn              (no ring)
MPRegen  0.12/turn              (no ring)

@: mighty, corroded
A: high mp 1, forlorn
a: no special abilities


You were on level 6 of the Dungeon.
You visited 1 branch of the dungeon, and saw 7 of its levels.

You collected 210 gold pieces.

Inventory:

Hand Weapons
 g - a +4 hand axe of flaming
 t - a +4 flail of holy wrath (weapon)
Missiles
 p - 6 silver javelins (quivered)
Armour
 c - a +0 kite shield (worn)
 l - a +1 crystal plate armour (worn)
Jewellery
 f - a ring of fire
 m - an amulet of guardian spirit (around neck)
Wands
 j - a wand of paralysis (3)
 q - a wand of polymorph (5)
Potions
 a - a potion of mutation {unknown}
 b - a potion of brilliance {unknown}
 d - a potion of might
 h - a potion of flight {unknown}
 i - 2 potions of curing {unknown}
 k - 3 potions of lignification
 n - a potion of cancellation {unknown}
 o - a potion of degeneration {unknown}
 r - a potion of magic {unknown}
 s - a potion of resistance {unknown}


   Skills:
 + Level 4.1 Fighting
 - Level 6.2(6.4) Axes
 + Level 2.2(4.5) Maces & Flails
 + Level 0.4 Throwing
 * Level 6.2 Armour
 + Level 1.1 Dodging
 + Level 3.7 Stealth
 + Level 5.2 Shields
 + Level 0.9 Unarmed Combat
 + Level 0.1 Evocations


You had 7 spell levels left.
You didn't know any spells.
Your spell library contained the following spells:

 Spells                   Type           Power      Damage    Failure   Level
 Animate Skeleton         Necr           0%         N/A       100%        1
 Pain                     Necr           0%         1d4       100%        1
 Summon Small Mammal      Summ           0%         N/A       100%        1
 Call Imp                 Summ           0%         N/A       100%        2
 Inner Flame              Hex/Fire       0%         N/A       100%        3
 Summon Guardian Golem    Hex/Summ       0%         N/A       100%        3
 Vampiric Draining        Necr           0%         2d6       100%        3
 Cause Fear               Hex            0%         N/A       100%        4
 Iskenderun's Battlesphe  Conj           0%         2d6       100%        5
 Summon Forest            Summ/Tloc      0%         N/A       100%        5
 Dispersal                Tloc           0%         N/A       100%        6
 Iron Shot                Conj/Erth      0%         9d1       100%        6
 Spellforged Servitor     Conj/Summ      0%         N/A       100%        7
 Discord                  Hex            0%         N/A       100%        8
 Disjunction              Tloc           0%         N/A       100%        8
 Dragon's Call            Summ           0%         N/A       100%        9


Dungeon Overview and Level Annotations

Branches:
Dungeon (7/15)
 Temple: D:4-7

Shops:
D:3 (   D:4 :


Innate Abilities, Weirdness & Mutations

Your attributes grow dramatically as you level up.
You have an increased reservoir of magic. (+10% MP)
You shall have no god before yourself.


Message History

The orc priest calls down the wrath of Beogh upon you.
Beogh smites you! You block the acid dragon's attack.
The acid dragon claws you but does no damage.
The orc priest invokes the aid of Beogh against you.
Beogh smites you!
You don't know any spells.
The acid dragon spits acid at you. The splash of acid hits you.
The acid corrodes you!
You are splashed with acid!
* * * LOW HITPOINT WARNING * * *
You block the orc priest's attack.
You climb upwards.
There is a stone staircase leading down here.
You aren't carrying any scrolls.
You feel much better. The acid dragon bites you.
The acid dragon claws you but does no damage.
The orc priest begins to cast a cantrip, but forgets the words!
You feel much better. The acid dragon spits acid at you.
The splash of acid hits you!
You are splashed with acid!
You block the orc priest's attack.
You closely miss the acid dragon.
The acid dragon is heavily wounded.
The acid dragon bites you. You block the acid dragon's attack.
The orc priest hits you but does no damage.
The acid dragon bites you! The acid dragon barely misses you.
You feel very mighty all of a sudden.
The orc priest hits you but does no damage.
You block the acid dragon's attack. x2
Your crystal plate armour prevents you from hitting the acid dragon.
The acid dragon is heavily wounded.
The orc priest hits you with a +0 short sword.
You block the acid dragon's attack. x2
The orc priest hits you but does no damage.
You hit the acid dragon.
The acid dragon is severely wounded.
The acid dragon spits acid at you. The splash of acid hits you!
* * * LOW HITPOINT WARNING * * *
The acid corrodes you!
You are splashed with acid!
You die...

####'####.#..####...###†..#
#...##....##.##.......##
###.##.#..##.####...###
####.##.#.<.#.# #####
#....####.#.#.####
#.####...........# #.#
#.##.....##.# #.#
#......oD#..# #.#
#......)@#.## ####.#
##.#######.# .....#
#....####.# ######
####.##...# #.##.######
#....#....# ###.....###
#....## ######


You could see an acid dragon (catching breath) and an orc priest.

Vanquished Creatures
  Maggie (D:6)
  Sigmund (D:6)
  Eustachio (D:4)
  A steam dragon (D:6)
  Edmund (D:6)
  A sky beast (D:6)
  A black bear (D:6)
  A necrophage (D:5)
  2 phantoms
  A bullfrog (D:7)
  2 scorpions
  A water moccasin zombie (D:6)
  A centaur zombie (D:5)
  A bullfrog zombie (D:4)
  3 hounds
  An orc priest (D:4)
  2 jellies
  A centaur skeleton (D:4)
  2 iguanas (D:6)
  4 orc wizards
  A hound zombie (D:5)
  Robin (D:4)
  4 gnolls (D:4)
  5 adders
  2 shadow imps (D:5)
  A white imp (D:5)
  An ufetubus (D:5)
  2 adder skeletons (D:4)
  2 worms (D:2)
  2 dart slugs
  22 orcs
  14 ball pythons
  8 endoplasms
  4 giant cockroaches
  16 goblins
  5 hobgoblins
  6 jackals
  9 kobolds
  A quokka (D:3)
  4 bats
  5 frilled lizards
  8 rats
152 creatures vanquished.

Notes
Turn   | Place    | Note
-------+----------+-------------------------------------------
     0 | D:1      | Gabide the Demigod Fighter began the quest for the Orb.
     0 | D:1      | Reached XP level 1. HP: 18/18 MP: 3/3
   377 | D:1      | Reached XP level 2. HP: 22/25 MP: 4/4
  1179 | D:1      | Reached XP level 3. HP: 25/30 MP: 5/5
  1412 | D:2      | Reached skill level 1 in Axes
  2002 | D:3      | Reached XP level 4. HP: 33/38 MP: 6/6
  2881 | D:3      | Found Hunilit's Weapon Boutique.
  2889 | D:3      | Reached skill level 1 in Dodging
  3189 | D:3      | Identified a scroll of acquirement
  3189 | D:3      | Acquired a +1 crystal plate armour
  3261 | D:4      | Noticed Robin
  3268 | D:4      | Noticed a phantom
  3273 | D:4      | Reached XP level 5. HP: 35/45 MP: 7/7
  3540 | D:4      | Killed Robin
  3552 | D:4      | Reached XP level 6. HP: 39/51 MP: 8/8
  3649 | D:4      | Noticed Eustachio
  3708 | D:4      | Killed Eustachio
  4115 | D:4      | Reached XP level 7. HP: 57/57 MP: 9/9
  4262 | D:4      | Found Fasune Robi's Book Boutique.
  4590 | D:5      | Entered Level 5 of the Dungeon
  4863 | D:5      | Reached skill level 5 in Axes
  4872 | D:5      | Reached skill level 5 in Armour
  5196 | D:6      | Reached XP level 8. HP: 49/66 MP: 6/10
  5326 | D:6      | Noticed Maggie
  5336 | D:6      | Killed Maggie
  5337 | D:6      | Reached skill level 1 in Stealth
  5337 | D:6      | Reached skill level 5 in Shields
  5415 | D:6      | Noticed Edmund
  5425 | D:6      | Killed Edmund
  5650 | D:6      | Noticed Sigmund
  5673 | D:6      | Killed Sigmund
  6004 | D:6      | Got the Handbook of Creation
  6691 | D:6      | Splashed by an acid dragon's acid

Illustrated notes

Levels and vault maps discovered:
D:1:      scummos_arrival_checkerplants, layout_loops_cross,
          basic_ecumenical_altar
D:2:      layout_loops_cross, basic_altar
D:3:      layout_basic, serial_shops, shop
D:4:      layout_basic, nicolae_ru_great_annihilating_truth, serial_shops,
          nicolae_square_shop, uniq_robin, uniq_eustachio
D:5:      layout_rooms, tso_metal_star
D:6:      layout_basic, minmay_puff, uniq_edmund, uniq_maggie, uniq_sigmund
D:7:      layout_cave_pods, mainiacjoe_overflow_alcove_1,
          minmay_temple_entry_glassed_door

Skill      XL: |  1  2  3  4  5  6  7  8 |
---------------+-------------------------+-----
Shields        | 3 4 5 |  5.2
Maces & Flails | 2 |  2.2
Armour         | 3 4 5 6 |  6.2
Axes           | 1 2 3 4 5 6 |  6.2
Fighting       | 3 4 |  4.1
Dodging        | 1 |  1.1
Stealth        | 3 |  3.7
Throwing       | |  0.4
Unarmed Combat | |  0.9
Evocations     | |  0.1

Action                   |  1- 3 |  4- 6 |  7- 9 || total
-------------------------+-------+-------+-------++-------
Melee: Flail             |    30 |       |    45 ||    75
       Hand axe          |    84 |   168 |   124 ||   376
       Unarmed           |       |       |    20 ||    20
Throw: Javelin           |       |     6 |       ||     6
Evoke: Wand              |       |       |     2 ||     2
  Use: Scroll            |     4 |     5 |     2 ||    11
       Potion            |       |       |     3 ||     3
 Stab: Distracted        |       |     1 |       ||     1
       Paralysed         |       |       |    20 ||    20
Armor: Scale mail        |    41 |    15 |       ||    56
       Crystal plate arm |       |   195 |   152 ||   347
Dodge: Dodged            |    30 |    18 |    26 ||    74
Block: Kite shield       |    49 |   136 |   109 ||   294
